[Event "55th Iranian-ch Men Final 2022"]
[Site "Iran"]
[Date "2022.06.17"]
[Round "4.1"]
[White "Mosadeghpour, Masoud"]
[Black "Mousavi, Seyed Khalil"]
[Result "1/2-1/2"]
[ECO "C70"]
[WhiteElo "2474"]
[BlackElo "2524"]
[Annotator "TA"]
[PlyCount "49"]
[EventDate "2022.06.15"]
[EventType "tourn"]
[EventCountry "IRI"]
[SourceTitle "playchess.com"]
[Source "ChessBase"]
[SourceQuality "1"]
[TimeControl "40/5400+30:1800+30"]

1. e4 e5 2. Nf3 Nc6 3. Bb5 a6 4. Ba4 Nge7 5. c3 g6 6. d4 {[%emt 0:00:57] C70: Ruy Lopez: 3...a6 4 Ba4, Norwegian and Delayed Schliemann.} exd4 7. cxd4 {[%emt 0:00:07] Black must now prevent d5.} b5 8. d5 {[%emt 0:00:21] White has an edge.} bxa4 9. dxc6 {[%emt 0:00:31] Threatens to win with Qd4.} Nxc6 10. Qxa4 Bg7 11. Bg5 f6 12. Bf4 O-O 13. Nc3 Rb8 14. Nd5 Ne5 ({Don't play} 14... Rxb2 15. Bxc7 Qe8 16. Bd6 $16) 15. Nxf6+ Bxf6 16. Bxe5 ({Much weaker is} 16. Nxe5 Qe7 17. Nd3 Bxb2 $15) 16... Bxe5 17. Nxe5 Rxb2 18. O-O Rb5 19. f4 d6 {[%emt 0:15:08][%cal Bd7d6,Bd6d5][%mdl 32] The position is equal.} 20. Qc4+ {[%emt 0:09:32] [#]} d5 $146 ({Predecessor:} 20... Kg7 21. Nc6 Qe8 22. Rac1 Bd7 23. Nb4 c6 24. Qd4+ Kg8 25. Qxd6 Qxe4 26. Qxd7 Rxb4 27. Kh1 {0-1 (27) Hou,Y (2658)-Ponomariov,R (2686) Shenzhen 2018}) 21. Qc2 Qd6 22. Rad1 Be6 23. Kh1 Qc5 24. Qe2 dxe4 25. Qxe4 {[%emt 0:00:48] Weighted Error Value: White=0.04 (flawless) /Black=0.02 (flawless)} 1/2-1/2

[Event "55th Iranian-ch Men Final 2022"]
[Site "Iran"]
[Date "2022.06.17"]
[Round "4.2"]
[White "Atakhan, Abtin"]
[Black "Ghaem Maghami, Ehsan"]
[Result "1/2-1/2"]
[ECO "D46"]
[WhiteElo "2358"]
[BlackElo "2519"]
[Annotator "TA"]
[PlyCount "49"]
[EventDate "2022.06.15"]
[EventType "tourn"]
[EventCountry "IRI"]
[SourceTitle "playchess.com"]
[Source "ChessBase"]
[SourceQuality "1"]
[TimeControl "40/5400+30:1800+30"]

1. d4 Nf6 2. c4 e6 3. Nf3 d5 4. Nc3 c6 5. e3 Nbd7 6. Qc2 Bd6 7. Bd3 O-O 8. O-O dxc4 9. Bxc4 Qe7 10. h3 e5 11. Bb3 b5 {[%emt 0:11:47] The position is equal. Recently 11...a5 got a lot of attention. D46: Semi-Slav: 5 e3 Nbd7 6 Bd3, Black avoids the Meran.} 12. a3 Bb7 13. dxe5 Nxe5 14. Nd4 {[%emt 0:00:09] [#]} g6 $146 {[%emt 0:13:12] Prevents Nf5.} ({Predecessor:} 14... Bb8 15. e4 c5 16. Nf5 Qc7 17. f4 c4 18. Ba2 Nd3 19. e5 Qd7 20. Ng3 g5 21. exf6 gxf4 {0-1 (30) Murashko,V (2385)-Nikitin,A (2471) Alushta 2002}) 15. e4 Bc5 16. Be3 Bxd4 17. Bxd4 {[%emt 0:00:02] And now f4 would win.} c5 18. Bxe5 Qxe5 19. Nxb5 Bxe4 20. Qc3 ({But not} 20. f4 Qb8 21. Qe2 (21. Qxc5 Bd3 $17) 21... a6 $17) 20... Qxc3 21. Nxc3 Bd3 22. Rfd1 c4 23. Ba2 Rab8 24. Rd2 Rfc8 25. Bb3 $2 {[%emt 0:00:30][%mdl 40960] Weighted Error Value: White=0.03 (flawless) /Black=0.01 (flawless) . An unexpected result.} 1/2-1/2

[Event "55th Iranian-ch Men Final 2022"]
[Site "Iran"]
[Date "2022.06.17"]
[Round "4.3"]
[White "Darini, Pouria"]
[Black "Ashraf, Artin"]
[Result "1-0"]
[ECO "B12"]
[WhiteElo "2431"]
[BlackElo "2096"]
[Annotator "TA"]
[PlyCount "59"]
[EventDate "2022.06.15"]
[EventType "tourn"]
[EventCountry "IRI"]
[SourceTitle "playchess.com"]
[Source "ChessBase"]
[SourceQuality "1"]
[TimeControl "40/5400+30:1800+30"]

1. e4 c6 2. d4 d5 3. e5 Bf5 4. Nf3 e6 5. Be2 Ne7 6. c3 {[%emt 0:00:15] B12: Caro-Kann: Advance Variation.} Ng6 7. O-O f6 8. exf6 (8. Qb3 $11) 8... Qxf6 $16 9. Bg5 (9. Qb3 $5 b6 10. c4 $14 (10. Bg5 Qf7 $11)) 9... Qf7 10. Nh4 Nxh4 11. Bxh4 Bd6 12. Nd2 Nd7 {[%emt 0:10:15] [#]} 13. Bh5 $146 ({Predecessor:} 13. Qb3 O-O 14. Nf3 a5 15. Bg3 Qe7 16. Rae1 Bxg3 17. hxg3 Qd6 18. a3 b5 19. Qd1 {½-½ (55) Rallabandi,P (2485)-Tauber,H (2514) ICCF email 2019}) 13... Bg6 14. Bxg6 Qxg6 15. Bg3 Bxg3 16. fxg3 O-O-O 17. Qa4 a6 18. Rae1 {[%emt 0:00:06] Prevents e5.} Rhf8 19. Nf3 Rf6 20. Re2 Rdf8 21. Rfe1 Qf7 22. Qd1 {[%emt 0:00:53] White is more active.} h6 {[%emt 0:05:47] Prevents Ng5.} 23. Re3 g5 24. g4 Kd8 25. Qe2 Re8 26. c4 dxc4 27. Qxc4 Nb6 (27... Kc7 $14 {was preferrable.}) 28. Qc5 Nd5 29. Rb3 {[%emt 0:01:03] [#] Hoping for Qa7.} Qe7 $2 (29... Qc7 $16) 30. Qa7 {[%emt 0:33:06] Weighted Error Value: White=0.08 (flawless) /Black=0.10 (very precise)} 1-0

[Event "55th Iranian-ch Men Final 2022"]
[Site "Iran"]
[Date "2022.06.17"]
[Round "4.4"]
[White "Khamisi, S Jafar"]
[Black "Tahbaz, Arash"]
[Result "1-0"]
[ECO "B62"]
[WhiteElo "2118"]
[BlackElo "2451"]
[Annotator "TA"]
[PlyCount "80"]
[EventDate "2022.06.15"]
[EventType "tourn"]
[EventCountry "IRI"]
[SourceTitle "playchess.com"]
[Source "ChessBase"]
[SourceQuality "1"]
[TimeControl "40/5400+30:1800+30"]

1. e4 c5 2. Nf3 d6 3. d4 cxd4 4. Nxd4 Nf6 5. Nc3 Nc6 6. Bg5 e6 7. Qd3 Bd7 {[%emt 0:00:34] Nowadays more popular than 7...a6. B62: Sicilian: Richter-Rauzer: 6...e6: Unusual White 7th moves.} 8. Ndb5 (8. O-O-O $5 ) 8... Nb4 9. Qd1 a6 {[%emt 0:00:02] White is slightly better.} 10. Bxf6 gxf6 11. a3 Nxc2+ 12. Qxc2 axb5 13. Bxb5 Bxb5 14. Nxb5 {[%emt 0:00:13] Nc7+ is the strong threat.} Qa5+ 15. Nc3 Bg7 16. O-O O-O {[%emt 0:00:03] [#]} 17. Rfd1 $146 ({Predecessor:} 17. Rad1 Rfc8 18. Rxd6 f5 19. exf5 Bxc3 20. bxc3 Qxf5 21. Rd3 Rxa3 22. Rg3+ Kf8 23. Qd2 {1-0 (32) Ganguly,S (2609)-Gupta,A (2628) chess24.com INT 2022}) 17... Qb6 18. Rd3 Rfd8 19. Rad1 Ra5 20. Rf3 {[%emt 0:15:04] Against f5} (20. Qd2 {looks sharper.} Rg5 21. h4 Rg4 22. Rxd6 Rxd6 23. Qxd6 Qxb2 24. Qd8+) 20... Re5 21. h3 Qc5 22. a4 (22. Qd2 $16) 22... h6 23. Rd2 Rd7 24. Qd1 Qb6 25. h4 Qb4 ({Black should play} 25... Qd8 $14) 26. Rg3 $18 f5 27. exf5 exf5 28. Nd5 {[%emt 0:00:00] Against Rde7} Qxh4 {[%emt 0:00:00] [#]} 29. Rd4 $1 Qd8 {[%emt 0:00:00] [#]} (29... f4 $16 {is a better defense.}) 30. f4 $1 Re6 31. Qh5 {[%emt 0:00:27] Against Qh4} Kh8 32. Rdd3 Qa5 (32... Bxb2 {was necessary.} 33. Qxf5 Qh4) 33. Qxf5 {[%emt 0:00:43] Threatens to win with Qg4.} Qxa4 $2 (33... Qd8 34. Rg4 Bxb2) 34. Qg4 $2 ({White should try} 34. Ra3 $18 Qd4+ 35. Kh2) 34... Rg6 $11 35. Qf5 $40 {[%emt 0:01:06][%mdl 8320] White attacks. Active counter play!} (35. Qh3 $11) 35... Re6 $1 $18 36. Qg4 $2 (36. Ra3 $18 Qd4+ 37. Kh2) 36... f5 $2 (36... Rg6 $11 37. Qf5 Rxg3 38. Rxg3 Rd8) 37. Qxf5 {[%emt 0:00:16] Chess con chili.} Qa1+ $2 (37... Qe4 $18 38. Qh3 (38. Qxe4 Rxe4 39. Rd2 Re1+ 40. Kf2 Rh1 $16) 38... Qe1+ 39. Kh2 Rf7) 38. Kh2 {[%emt 0:00:17] White mates.} Re1 39. Rge3 Rh1+ 40. Kg3 Qg1 {[%emt 0:01:02] Weighted Error Value: White=0.40/Black=0.61} 1-0

[Event "55th Iranian-ch Men Final 2022"]
[Site "Iran"]
[Date "2022.06.17"]
[Round "4.5"]
[White "Daneshvar, Bardiya"]
[Black "Rastbod, Ali"]
[Result "1/2-1/2"]
[ECO "D37"]
[WhiteElo "2486"]
[BlackElo "2362"]
[Annotator "TA"]
[PlyCount "102"]
[EventDate "2022.06.15"]
[EventType "tourn"]
[EventCountry "IRI"]
[SourceTitle "playchess.com"]
[Source "ChessBase"]
[SourceQuality "1"]
[TimeControl "40/5400+30:1800+30"]

1. Nf3 Nf6 2. c4 e6 3. Nc3 d5 4. d4 Be7 5. Bf4 O-O 6. e3 b6 7. Be2 c5 {[%emt 0:00:00] D37: Queen's Gambit Declined: 5 Bf4.} 8. dxc5 bxc5 9. cxd5 exd5 10. O-O Be6 11. Nb5 {[%emt 0:14:45] [#]} (11. Ne5 $14) 11... Na6 $146 ({Predecessor:} 11... Nc6 12. Ne5 Qb6 13. Nxc6 Qxc6 14. Nc7 Rac8 15. Nxe6 fxe6 16. Rc1 Rfe8 17. Qb3 Qb6 18. Qxb6 axb6 {1-0 (60) Stark,L (1474)-Lukasiewicz,K (1654) Gora Sw Anny 2012}) 12. Rc1 Qb6 13. b3 (13. Nc3 $5 ) 13... Rfd8 14. Nc3 Rac8 15. Na4 Qb7 16. Bg5 c4 17. Nd4 Ne4 (17... Nb4 $11 {keeps the balance.}) 18. Bxe7 (18. Nxe6 $16 fxe6 19. Bxe7 Qxe7 20. bxc4) 18... Qxe7 $14 19. Nxe6 Qxe6 ({But not} 19... fxe6 20. bxc4 Nb4 21. cxd5 Nxd5 22. Rxc8 Rxc8 23. Qd4 $16) 20. Qe1 {[%emt 0:07:12] Prevents Nb4.} (20. Qd4 $5 ) 20... Nac5 21. Qb4 Nxa4 22. Qxa4 c3 (22... cxb3 $11 23. axb3 Nc3) 23. Qd4 Qb6 24. Bd3 Ng5 25. Rc2 Ne6 ({Black should try} 25... Qxd4 $14 26. exd4 Ne6) 26. Qxb6 $16 axb6 27. Rfc1 d4 28. exd4 Rxd4 29. Rxc3 Rxc3 30. Rxc3 {[%emt 0:00:04][%mdl 4096] Endgame KRB-KRN} Nc5 31. Bc2 g6 32. Kf1 Kg7 33. a3 Rd6 34. Ke2 Ne6 35. Ke3 f5 36. f4 Kf6 37. b4 g5 38. g3 h5 39. Rc4 h4 (39... gxf4+ {was necessary.} 40. gxf4 h4) 40. fxg5+ $18 Kxg5 41. gxh4+ ({Don't take} 41. Rxh4 $6 f4+ 42. Ke4 f3) 41... Kf6 42. Bd3 Ke5 (42... Rd8 $142 43. Rc6 f4+ 44. Kd2 Ke5 45. Rxb6 Nd4) 43. h5 f4+ 44. Ke2 b5 $2 {[%emt 0:03:18] [#]} (44... Nd4+ 45. Kf2 Nf5) 45. Re4+ Kd5 46. Bb1 {[%emt 0:01:52] Black must now prevent h4.} Ra6 47. h6 $2 ({White should play} 47. Kf2 $18) 47... Nd4+ $11 {[%emt 0:05:03][%mdl 64] [#] Discovered Attack. The position is equal.} 48. Kd1 {[%emt 0:02:54] h7 is the strong threat.} Rxh6 49. Rxf4 {[%emt 0:00:26] Threatens to win with h4.} Rxh2 {[%emt 0:00:03] aiming for ...Rh1+.} 50. Bd3 Ra2 51. Rf8 Ke5 {[%emt 0:17:39] Weighted Error Value: White=0.17 (very precise) /Black=0.26 (precise)} 1/2-1/2

[Event "55th Iranian-ch Men Final 2022"]
[Site "Iran"]
[Date "2022.06.17"]
[Round "4.6"]
[White "Daghli, Arash"]
[Black "Omidi, Arya"]
[Result "1/2-1/2"]
[ECO "E51"]
[WhiteElo "2441"]
[BlackElo "2321"]
[Annotator "TA"]
[PlyCount "81"]
[EventDate "2022.06.15"]
[EventType "tourn"]
[EventCountry "IRI"]
[SourceTitle "playchess.com"]
[Source "ChessBase"]
[SourceQuality "1"]
[TimeControl "40/5400+30:1800+30"]

1. d4 Nf6 2. c4 e6 3. Nc3 Bb4 4. e3 O-O 5. Bd2 d5 6. Nf3 Be7 {[%emt 0:03:17] E51: Nimzo-Indian: Rubinstein: 4...0-0 5 Nf3 d5.} 7. Rc1 Nbd7 8. a3 {[%emt 0:12:23] [#]} Re8 $146 ({Predecessor:} 8... c5 9. cxd5 exd5 10. Bd3 a6 11. O-O b5 12. Bb1 c4 13. e4 {½-½ (13) Berkes,F (2668)-Grigoriants,S (2571) Hungary 2015}) 9. Bd3 c5 10. cxd5 exd5 11. O-O b6 12. Ne5 Nxe5 13. dxe5 Ng4 14. Bb5 Rf8 (14... Bd7 $11 {deserves consideration.}) 15. Bc6 $14 Rb8 16. f4 ({Much worse is} 16. Nxd5 Nxe5 17. Nxe7+ Qxe7 $15) 16... d4 17. Nd5 dxe3 18. Bxe3 ({Weaker is} 18. Nxe3 Qd4 19. Qe2 Rd8 $15) (18. Bc3 $1 $16) 18... Be6 $11 19. Nxe7+ Qxe7 20. Qf3 f6 21. h3 Nxe3 22. Qxe3 Qc7 23. Be4 {[%emt 0:01:44] f5 is the strong threat.} fxe5 24. fxe5 Kh8 25. Bc2 Bg8 26. Rxf8 Rxf8 27. e6 {[%emt 0:01:04] Strongly threatening e7.} Qe7 28. Re1 c4 {[%emt 0:04:53] [#]} ({Black should try} 28... Rd8 $14) 29. Ba4 $1 $16 h6 30. Bb5 Rc8 (30... Bxe6 $2 31. Bxc4 Rf4 32. Bxe6 $18) 31. Bd7 Rc5 32. Rf1 (32. a4 $16) 32... Rg5 33. Qf4 {[%emt 0:03:41] 0x0.000861136f46dp-1022s more active pieces.} (33. Rd1 $16) 33... Qc5+ $1 $11 34. Rf2 (34. Qf2 $11 {remains equal.} Qd6 35. Re1) 34... Re5 $17 35. Qf8 Re1+ 36. Kh2 Qe5+ 37. Qf4 Bxe6 38. Qxe5 Rxe5 39. Rf8+ {[%emt 0:00:11] [#]} Bg8 $1 (39... Kh7 $2 40. Re8 $18) 40. Ra8 a5 (40... g5 $17 41. Bc6 Ra5) 41. Rb8 {[%emt 0:04:06] Weighted Error Value: White=0.14 (very precise) /Black=0.12 (very precise)} 1/2-1/2

[Event "55th Iranian-ch Men Final 2022"]
[Site "Iran"]
[Date "2022.06.17"]
[Round "4.7"]
[White "Poormosavi, Seyed Kian"]
[Black "Naderi, Abdollah"]
[Result "1-0"]
[ECO "B41"]
[WhiteElo "2358"]
[BlackElo "2050"]
[Annotator "TA"]
[PlyCount "122"]
[EventDate "2022.06.15"]
[EventType "tourn"]
[EventCountry "IRI"]
[SourceTitle "playchess.com"]
[Source "ChessBase"]
[SourceQuality "1"]
[TimeControl "40/5400+30:1800+30"]

1. e4 c5 2. Nf3 e6 3. d4 cxd4 4. Nxd4 a6 5. c4 Nf6 6. Nc3 Qc7 7. a3 d6 8. Be2 {[%emt 0:00:59] B41: Sicilian: Kan Variation: 5 c4.} b6 9. Be3 Bb7 10. f3 {[%emt 0:00:24] White is slightly better.} Be7 11. Rc1 O-O 12. g4 {[%emt 0:01:22][%cal Bg2g4,Bg4g5][%mdl 32] [#]} Re8 $146 ({Predecessor:} 12... Qd8 13. O-O Nbd7 14. g5 Nh5 15. f4 Nxf4 16. Rxf4 e5 17. Rg4 exd4 18. Qxd4 Rc8 {0-1 (51) Lupulescu,C (2499)-Predojevic,B (2462) Subotica 2003}) 13. g5 Nh5 (13... Nfd7 $142) 14. f4 $36 {[%emt 0:07:25][%mdl 2048] White is on the roll.} Nxf4 15. Bxf4 e5 16. Nd5 Bxd5 17. cxd5 (17. exd5 $6 exf4 18. h4 g6 $11) 17... Qb7 {[%emt 0:00:00] [#]} 18. Bxe5 dxe5 19. Nf5 Nd7 20. b4 {[%emt 0:00:00] Against Nc5} (20. Nxe7+ $142 Rxe7 21. O-O) 20... Nf8 (20... Bxg5 21. Rg1 Bf6 22. Qd3 $16 (22. Nd6 Qa7 $16)) 21. O-O Ng6 22. Qd2 (22. Nxe7+ $6 Qxe7 23. Qd2 Nf4 $11) (22. Rc6 $1 $16) 22... Nf4 $14 23. h4 b5 ({Black should play} 23... Bf8 $1 $11) 24. Bg4 {[%emt 0:00:00] next Rxf4 is good for White. Active counter play!} Bf8 $1 25. Rc6 Rad8 $2 (25... a5 $11 {and Black is okay.}) 26. Rfc1 $2 (26. Qc3 $18) 26... g6 $1 $11 {[%emt 0:02:01] Inhibits h5.} 27. Ne3 h5 28. Bf3 (28. gxh6 $11 Qa7 29. R1c5 $1) 28... Bd6 (28... Qd7 $15 29. R1c2 (29. Rxa6 Qh3 $17) 29... Qh3) 29. Nd1 (29. Ng2 $11) 29... Qd7 (29... a5 $1 $17) 30. Nf2 Qa7 31. Kh1 (31. R1c2 $11 {remains equal.}) 31... Rf8 (31... a5 $1 $17 {[%cal Ra5b4] White must now prevent ...axb4.} 32. bxa5 Bxa3) 32. Rg1 (32. R1c2 $11) 32... Qd7 (32... a5 $15 {should be considered.} 33. bxa5 Bc7) 33. Rg3 (33. Rgc1 $11) 33... Bb8 (33... a5 $15) 34. Qc2 (34. Rxa6 $11 Ba7 35. Bd1 (35. Nd3 Nxd3 36. Qxd3 Bf2 $17)) 34... Qa7 35. Bg2 Bd6 36. Nd3 a5 37. Nxf4 (37. bxa5 $15 Qxa5 38. Kh2) 37... exf4 $17 38. Rb3 (38. Rf3 $17 {was worth a try.}) 38... axb4 $19 39. axb4 Qa1+ 40. Rb1 Qe5 41. Bf3 Ra8 $1 42. Qc3 {[%emt 0:19:48] Inhibits Ra3.} Ra2 (42... Qe7 $1 $17 {Threatens to win with ...Ra2.} 43. Qd3 Rfb8) 43. Qxe5 $1 $15 Bxe5 44. d6 Rd8 45. Rd1 Rf2 46. Rd3 Kf8 47. Kg1 Rxf3 48. Rxf3 $16 Bxd6 $11 {[%emt 0:00:03][%mdl 4096] Endgame [#] KRR-KRB} 49. Rb3 $1 Be5 {[%emt 0:00:06] [#]} 50. Kf1 $1 {[%emt 0:00:30] Strongly threatening Rc5.} Rd4 (50... Rd1+ $16 {was necessary.} 51. Ke2 Rh1) 51. Rc5 $18 Rxe4 52. Rxb5 Ke7 53. Ra5 {[%emt 0:01:16] aiming for b5.} Bd4 54. b5 Re5 $2 (54... f3 55. Rxf3 Rxh4) 55. Ra4 Bb6 56. Rxf4 Re6 57. Rbf3 f5 58. gxf6+ Kf7 59. Rd3 {[%emt 0:00:00] Threatening mate with Rd7+.} Re8 60. Rd7+ Ke6 61. Rb7 Kd5 {[%emt 0:02:00] What a fight!  Weighted Error Value: White=0.22 (precise) /Black=0.41} 1-0

[Event "55th Iranian-ch Men Final 2022"]
[Site "Iran"]
[Date "2022.06.18"]
[Round "5.2"]
[White "Omidi, Arya"]
[Black "Poormosavi, Seyed Kian"]
[Result "1/2-1/2"]
[ECO "B12"]
[WhiteElo "2321"]
[BlackElo "2358"]
[Annotator "TA"]
[PlyCount "62"]
[EventDate "2022.06.15"]
[EventType "tourn"]
[EventCountry "IRI"]
[SourceTitle "playchess.com"]
[Source "ChessBase"]
[SourceQuality "1"]
[TimeControl "40/5400+30:1800+30"]

1. e4 c6 2. d4 d5 3. e5 c5 4. dxc5 e6 5. Nf3 Bxc5 6. Bd3 {[%emt 0:00:06] B12: Caro-Kann: Advance Variation.} Nc6 7. a3 f6 8. b4 {[%emt 0:02:32] White has an edge.} Be7 $1 {[%emt 0:00:15][%mdl 4] is currently scoring better than 8...Bb6.} 9. Bb2 Nh6 10. O-O Nf7 11. exf6 Bxf6 12. Bxf6 Qxf6 13. Nbd2 O-O 14. c4 Nfe5 15. Nxe5 Nxe5 {[%emt 0:00:26] [#]} 16. Qc2 $146 ({Predecessor:} 16. Be2 Kh8 17. Rc1 Bd7 18. Nf3 Ng6 19. Nd4 Nf4 20. Bf3 Qg6 21. Kh1 Rad8 22. Rc3 {½-½ (30) Warmerdam,M (2501)-Bauer,C (2624) Budva 2019}) 16... Qh4 (16... Kh8 $11 {keeps the balance.}) 17. f4 (17. Rae1 $16 Nxd3 18. Qxd3) 17... Rxf4 $11 18. Bxh7+ Kh8 {[%emt 0:00:13] Hoping for ...Rf6.} 19. g3 Rxf1+ 20. Rxf1 {[%emt 0:00:06][%cal Rf1f8] [#] Chess con chili.} Qd4+ 21. Kg2 Bd7 22. Rf4 Qe3 23. Nf1 $1 Qe1 (23... Qxa3 $2 24. Qe2 Nf7 25. Rxf7 $18) 24. cxd5 exd5 25. Bg6 {[%emt 0:12:51][%cal Bh7g6,Bg6f7,Bf7d5][%mdl 32] aiming for Rh4+.} Ng4 (25... b6 $11) 26. Qc5 $40 {[%emt 0:03:34][%mdl 128] Rf8+ would kill now. White mounts an attack.} Qe2+ (26... Qe6 $1 $11 27. Rf8+ Rxf8 28. Qxf8+ Qg8) 27. Kg1 $16 {[%emt 0:01:08] White threatens Rf8+ and mate.} Nf6 {[%emt 0:06:37] [#]} 28. Bf7 $1 {[%emt 0:01:57] And now Rh4+ would win.} Bg4 29. Bxd5 Rd8 $2 (29... Nxd5 $16 30. Qxd5 Rc8) 30. Bxb7 $18 Rd1 31. Bg2 {[%emt 0:01:20] Against Bh3} ({Don't take} 31. Qxa7 Bh3 32. Qa8+ Kh7) 31... a6 {[%emt 0:00:40][%mdl 32768] Weighted Error Value: White=0.08 (flawless) /Black=0.37. An unexpected result.} 1/2-1/2

[Event "55th Iranian-ch Men Final 2022"]
[Site "Iran"]
[Date "2022.06.18"]
[Round "5.3"]
[White "Rastbod, Ali"]
[Black "Daghli, Arash"]
[Result "0-1"]
[ECO "D36"]
[WhiteElo "2362"]
[BlackElo "2441"]
[Annotator "TA"]
[PlyCount "92"]
[EventDate "2022.06.15"]
[EventType "tourn"]
[EventCountry "IRI"]
[SourceTitle "playchess.com"]
[Source "ChessBase"]
[SourceQuality "1"]
[TimeControl "40/5400+30:1800+30"]

1. c4 e6 2. Nc3 d5 3. d4 Nf6 4. cxd5 exd5 5. Bg5 c6 6. e3 h6 7. Bh4 Be7 8. Bd3 O-O 9. Qc2 {[%emt 0:00:00] 9.Nge2 is more advanced technology.} Re8 10. Nge2 a5 {[%emt 0:00:22] D36: Queen's Gambit Declined: Exchange Variation: Main line (5 Bg5 c6 6 Qc2).} 11. h3 Na6 12. a3 {[%emt 0:00:00] Inhibits Nb4.} Nc7 {[%emt 0:00:09] [#] The position is equal.} 13. Bg3 $146 ({Predecessor:} 13. g4 Ne6 14. Rd1 b5 15. Kf1 Bd7 16. Kg2 Rc8 17. Bg3 Qb6 18. Qd2 Qb7 19. Nf4 {½-½ (66) Lupulescu,C (2656)-Adams,M (2716) Tornelo INT 2021}) 13... Ne6 14. Be5 b6 15. Rd1 Bb7 16. Bf5 Bf8 17. O-O b5 18. Nc1 Ng5 19. Nd3 Bc8 20. Bxc8 Rxc8 21. Bxf6 Qxf6 22. Ne5 Qe6 23. Qd3 f6 24. Ng6 Bd6 25. Nf4 {[%emt 0:00:00] Pair of Knights!} Qd7 (25... Bxf4 $5 26. exf4 Nf7 $15) 26. Qg6 Bxf4 27. exf4 Nf7 28. a4 b4 29. Na2 c5 $36 {[%emt 0:01:24][%mdl 2048] Black has good play.} 30. dxc5 Qxa4 31. Nc1 Rxc5 32. Nd3 (32. Qd3 $15) 32... Rcc8 33. Rd2 {[%emt 0:03:08] [#]} ({Better is} 33. Rfe1) 33... Nd6 ({Black should try} 33... b3 $1 {Strongly threatening ...Rc2.} 34. Rdd1 Rc2) 34. Ne5 fxe5 35. Qxd6 Rcd8 36. Qc5 exf4 37. Rxd5 Qa2 38. Rf5 (38. Rxd8 $17 Rxd8 39. Re1) 38... Qxb2 $19 {[%emt 0:01:27] [#] Threatens to win with ...Qe2.} 39. Qxa5 b3 {[%emt 0:01:05][%cal Bb4b3,Bb3b2][%mdl 32] White must now prevent ...Qc2.} 40. Rxf4 $2 ({Wrong is} 40. Qc7 $2 Qc2 41. Rc5 Qd3 $19) (40. Qb4) 40... Qe2 {[%emt 0:00:00][%cal Oe2f1] And now ...Qxf1+! would win.} 41. Rb1 Qc2 42. Rf1 (42. Qf5 $142 Rd1+ 43. Rxd1 Qxd1+ 44. Kh2) 42... b2 43. Qa2+ Kh8 {[%emt 0:00:42] ( -> ...Rd1). Active counter play!} 44. Qb1 {[%emt 0:00:14] Prevents Rd1.} Qxb1 (44... Re2 45. Qxc2 Rxc2) 45. Rxb1 Rd2 46. g4 $2 (46. Rb4 Ree2 47. Rf1) 46... Rc8 {[%emt 0:00:28] Weighted Error Value: White=0.67/Black=0.28 (precise)} 0-1

[Event "55th Iranian-ch Men Final 2022"]
[Site "Iran"]
[Date "2022.06.18"]
[Round "5.4"]
[White "Tahbaz, Arash"]
[Black "Daneshvar, Bardiya"]
[Result "0-1"]
[ECO "D02"]
[WhiteElo "2451"]
[BlackElo "2486"]
[Annotator "TA"]
[PlyCount "76"]
[EventDate "2022.06.15"]
[EventType "tourn"]
[EventCountry "IRI"]
[SourceTitle "playchess.com"]
[Source "ChessBase"]
[SourceQuality "1"]
[TimeControl "40/5400+30:1800+30"]

1. Nf3 d5 2. g3 Nd7 3. d4 Nb6 4. Bg2 Bf5 5. O-O e6 6. b3 {[%emt 0:00:00] D02: 1 d4 d5 2 Nf3 sidelines, including 2...Nf6 3 g3 and 2...Nf6 3 Bf4.} Nf6 7. c4 c6 {[%emt 0:01:15] [#]} 8. Nfd2 $146 {[%emt 0:00:00] White has an edge.} ({Predecessor:} 8. Nbd2 h6 9. Bb2 Be7 10. Ne5 O-O 11. e3 Nbd7 12. Qe2 Bh7 13. Rfd1 a5 14. a3 {½-½ (37) Kamsky,G (2662)-Moroni,L (2575) Cap d'Agde 2021}) 8... Be7 9. Nc3 O-O 10. e4 Bg4 11. f3 Bh5 12. e5 Ne8 13. c5 {[%emt 0:00:00] Hoping for g4.} Nd7 14. b4 a5 15. b5 (15. bxa5 $1 $11 f6 16. exf6 Bxf6 17. Nb3) 15... cxb5 $1 $17 {[%emt 0:04:12] Black keeps a firm grip on the game.} 16. Nxb5 b6 $1 17. c6 Nb8 18. Qe2 Nxc6 19. g4 Bg6 {[%emt 0:00:42] Strongly threatening ...Nc7.} 20. f4 {[%emt 0:00:00] [#]} Qd7 $1 21. f5 (21. Ba3 $17) 21... exf5 $19 22. gxf5 Bxf5 23. Rxf5 Qxf5 24. Bxd5 {[%emt 0:00:00] [#]} Nxd4 25. Nxd4 {[%emt 0:00:00] [#]} Qd7 ({Not} 25... Bc5 26. N2b3 Qd7 27. Bxa8 $17) 26. Qe4 Rd8 27. Nc6 Bc5+ 28. Kg2 Qxd5 {[%emt 0:00:21] Really sharp!} 29. Nxd8 Qxd8 30. Nf3 {[%emt 0:00:24] Prevents Bd4.} Nc7 ({Avoid the trap} 30... Qd1 $2 31. Rb1 Qd7 32. Ng5 $19) 31. Be3 Ne6 32. Rb1 Bxe3 33. Qxe3 Qd5 34. Rxb6 Qxa2+ {[%emt 0:00:07] Black is clearly winning.} 35. Kg3 Qc4 {[%emt 0:01:29] Inhibits Rc6.} 36. Rb7 h6 37. Ra7 a4 38. Qa3 Nc5 {[%emt 0:00:30] Weighted Error Value: White=0.44/Black=0.05 (flawless)} 0-1